 Dungeon Sprint DCSS version 0.31-a0-940-gdaa99269f9 (webtiles) character file.

Game seed: 1754592934018231685

4494 BigDaddyOpFi the End of an Era (level 10, -10/102 HPs)
             Began as a Hill Orc Monk on Oct 20, 2023.
             Was the Champion of Qazlal.
             Mangled by an ice devil (20 damage)
             ... in the Dungeon (Sprint VII: "The Pits").
             The game lasted 00:02:30 (1703 turns).

BigDaddyOpFi the End of an Era (Hill Orc Monk)      Turns: 1703, Time: 00:02:31

Health: -10/102    AC: 15    Str: 22    XL:     10   Next: 38%
Magic:  15/23      EV: 12    Int: 10    God:    Qazlal [******]
Gold:   0          SH:  8    Dex: 13    Spells: 9/9 levels left

rFire   + . .        r - +0 hand axe (heavy)
rCold   . . .        d - orb {light}
rNeg    . . .        x - +3 plate armour
rPois   .            (no helmet)
rElec   .            p - +0 cloak
rCorr   .            (no gloves)
SInv    .            y - +0 pair of boots
Will    .....        (no amulet) Stlth
                     g - +3 ring of evasion
HPRegen 0.37/turn    s - +3 ring of strength
MPRegen 0.18/turn

%: no teleportation, repel missiles
@: protected from fire, glowing
A: no striking features
a: Renounce Religion, Upheaval, Elemental Force, Disaster Area


You were in the Dungeon.
You worshipped Qazlal.
Qazlal was exalted by your worship.
You visited 1 branch

Inventory:

Hand Weapons
 a - a +0 hand axe
 o - a +2 hand axe
 r - a +0 heavy hand axe (weapon)
 w - a +2 heavy war axe
Armour
 d - an orb of light (worn)
 p - a +0 cloak (worn)
 x - a +3 plate armour (worn)
 y - a +0 pair of boots (worn)
Jewellery
 g - a +3 ring of evasion (left hand)
 s - a +3 ring of strength (right hand)
Scrolls
 j - a scroll of blinking
 l - 2 scrolls of vulnerability
 m - 5 scrolls of amnesia
 n - a scroll of summoning
Potions
 c - a potion of ambrosia
 e - 10 potions of curing
 f - 5 potions of heal wounds
 h - 4 potions of magic
 i - 4 potions of berserk rage
 k - 2 potions of invisibility
 t - a potion of resistance
 u - a potion of mutation
 v - a potion of haste


   Skills:
 + Level 13.8 Fighting
 + Level 14.9 Axes
 + Level 9.9 Dodging
 * Level 18.4 Invocations


You had 9 spell levels left.
You didn't know any spells.
Your spell library was empty.

Dungeon Overview and Level Annotations

Branches:
Dungeon (1/1)

Altars:
Ashenzari
Cheibriados
Dithmenos
Elyvilon
Fedhas
Gozag
Hepliaklqana
Kikubaaqudgha
Makhleb
Nemelex Xobeh
Okawaru
Qazlal
Ru
Sif Muna
Trog
Uskayaw
Vehumet
Wu Jian
Xom
Yredelemnul
Zin
The Shining One
Beogh
Jiyva
Lugonu


Message History

The efreet hits you with a +2 scimitar of flaming!
Your resistance to fire fades away.
You feel protected from physical attacks.
Your resistance to physical damage fades away.
You feel protected from fire. The efreet burns you. The ice devil misses you.
You completely miss the efreet.
The efreet is almost dead.
You slash the ice devil!
The basilisk is engulfed in freezing vapours.
The basilisk seems to slow down.
You kill the basilisk!
Qazlal accepts your kill. The ice devil completely misses you.
You block the efreet's attack.
You hit the efreet.
The efreet is almost dead.
You slash the ice devil! You hit the efreet but do no damage.
The efreet is almost dead.
You hit the ice devil. The efreet gestures at you. The bolt of fire hits you!
You resist.
You feel more protected from fire. You block the ice devil's attack.
You hit the efreet but do no damage.
The efreet is almost dead.
You hit the ice devil but do no damage. The efreet gestures at you.
The bolt of fire hits you. You resist.
You feel more protected from fire. The ice devil misses you.
You slash the efreet!
You kill the efreet!
Qazlal accepts your kill.
You hit the ice devil. The ice devil hits you! The ice devil freezes you!!
* * * LOW HITPOINT WARNING * * *
The ice devil hits you.
* * * LOW HITPOINT WARNING * * *
The ice devil freezes you!!
You die...

...##....###.).#
...##..)##.+†))+ ##
...##..##..##'## .##
...##..#..##...##..+
...##..#÷.#.....#≈≈#
#####..'..'.....+†.+
#####..#..#.....#..#
.[[##..#..##...##†.+
.[.##..##..##'##@4#
..)##...##.+.†○'.##
.))##.... ##...###
.))##..... #...+
################


You could see an ice devil.

Vanquished Creatures
  A boulder beetle (D)
  A shadow wraith (D)
  An elephant (D)
  An efreet (D)
  A kobold demonologist (D)
  A tyrant leech (D)
  A basilisk (D)
  A fire bat (D)
  6 vampire mosquitoes (D)
  A redback (D)
  A floating eye (D)
  2 swamp drakes (D)
  A centaur (D)
  A bullfrog (D)
  2 gnoll sergeants (D)
  A scorpion (D)
  7 wights (D)
  Crazy Yiuf (D)
  An iron imp (D)
  An iguana (D)
  10 gnolls (D)
  2 orcs (D)
  A bat (D)
  An endoplasm (D)
  2 giant cockroaches (D)
  A goblin (D)
  2 jackals (D)
  A quokka (D)
  A ball python (D)
  A frilled lizard (D)
  A rat (D)
56 creatures vanquished.

Notes
Turn   | Place    | Note
-------+----------+-------------------------------------------
     0 | D        | BigDaddyOpFi the Hill Orc Monk began the quest for the Orb.
     0 | D        | Reached XP level 1. HP: 19/19 MP: 1/1
    17 | D        | Found a bloodstained altar of Trog.
    17 | D        | Found a shimmering blue altar of Sif Muna.
    17 | D        | Found a viscous altar of Jiyva.
    17 | D        | Found a hazy altar of Hepliaklqana.
    17 | D        | Found an opulent altar of Gozag.
    18 | D        | Found a glowing golden altar of the Shining One.
    18 | D        | Found a glowing silver altar of Zin.
    18 | D        | Found a basalt altar of Yredelemnul.
    18 | D        | Found a shimmering altar of Xom.
    18 | D        | Found an ornate altar of the Wu Jian Council.
    18 | D        | Found a sacrificial altar of Ru.
    18 | D        | Found a stormy altar of Qazlal.
    18 | D        | Found an iron altar of Okawaru.
    18 | D        | Found a sparkling altar of Nemelex Xobeh.
    18 | D        | Found a burning altar of Makhleb.
    18 | D        | Found a blossoming altar of Fedhas.
    18 | D        | Found a white marble altar of Elyvilon.
    18 | D        | Found a shadowy altar of Dithmenos.
    18 | D        | Found a snail-covered altar of Cheibriados.
    19 | D        | Found a radiant altar of Vehumet.
    19 | D        | Found a corrupted altar of Lugonu.
    19 | D        | Found a roughly hewn altar of Beogh.
    20 | D        | Found a hide-covered altar of Uskayaw.
    20 | D        | Found an ancient bone altar of Kikubaaqudgha.
    20 | D        | Found a broken altar of Ashenzari.
    23 | D        | Became a worshipper of Qazlal Stormbringer
    23 | D        | Reached * piety under Qazlal
    23 | D        | Reached ** piety under Qazlal
    53 | D        | Noticed a scorpion
    68 | D        | Killed a scorpion
    69 | D        | Reached XP level 2. HP: 24/31 MP: 2/2
    69 | D        | Reached XP level 3. HP: 30/38 MP: 3/3
    69 | D        | Reached XP level 4. HP: 36/45 MP: 4/4
   223 | D        | Reached *** piety under Qazlal
   224 | D        | Reached skill level 1 in Invocations
   368 | D        | Noticed Crazy Yiuf
   373 | D        | Reached skill level 2 in Invocations
   374 | D        | Killed Crazy Yiuf
   375 | D        | Reached skill level 3 in Invocations
   463 | D        | Noticed a centaur
   464 | D        | Noticed a bullfrog
   464 | D        | Noticed a gnoll sergeant
   470 | D        | Reached **** piety under Qazlal
   471 | D        | Reached skill level 5 in Dodging
   471 | D        | Reached skill level 5 in Invocations
   471 | D        | Reached XP level 5. HP: 51/52 MP: 6/9
   476 | D        | Reached skill level 7 in Invocations
   478 | D        | Reached skill level 8 in Invocations
   478 | D        | Reached XP level 6. HP: 41/62 MP: 6/12
   487 | D        | Reached ***** piety under Qazlal
   488 | D        | Reached skill level 9 in Invocations
   489 | D        | Reached skill level 10 in Axes
   489 | D        | Reached skill level 10 in Invocations
   489 | D        | Reached XP level 7. HP: 19/70 MP: 7/14
   500 | D        | Reached skill level 11 in Invocations
   503 | D        | Reached skill level 10 in Fighting
   505 | D        | Reached ****** piety under Qazlal
   715 | D        | Noticed a fire bat
   722 | D        | Killed a fire bat
   723 | D        | Reached skill level 12 in Invocations
   723 | D        | Reached XP level 8. HP: 80/80 MP: 15/17
   753 | D        | Reached skill level 13 in Invocations
   963 | D        | Noticed a kobold demonologist
   965 | D        | Killed a kobold demonologist
   966 | D        | Reached skill level 14 in Invocations
  1130 | D        | Noticed a boulder beetle
  1136 | D        | Noticed a shadow wraith
  1147 | D        | Killed a shadow wraith
  1148 | D        | Reached skill level 15 in Invocations
  1148 | D        | Reached XP level 9. HP: 62/90 MP: 18/20
  1164 | D        | Killed a boulder beetle
  1165 | D        | Reached skill level 16 in Invocations
  1352 | D        | Noticed a tyrant leech
  1367 | D        | Killed a tyrant leech
  1440 | D        | Reached skill level 17 in Invocations
  1440 | D        | Reached XP level 10. HP: 101/101 MP: 13/22
  1692 | D        | Noticed an elephant
  1693 | D        | Killed an elephant
  1694 | D        | Reached skill level 18 in Invocations
  1703 | D        | Mangled by an ice devil

Illustrated notes

Levels and vault maps discovered:
D:        pitsprint [storerooms_1, entrance_room_1, metal_vault_6, armoury_3,
          mini_pit_1, grid_room_1, main_hall_1, silver_pit, the_coven_3,
          the_vestibule_1, steel_vault_5, golden_pit, hallway_of_sentries,
          crystal_vault_4, iron_vault_2, final_vault]

Skill      XL: |  1  2  3  4  5  6  7  8  9 10 |
---------------+-------------------------------+-----
Fighting       | 6 7 8 9 10 12 13 | 13.8
Axes           | 7 8 9 10 11 13 14 | 14.9
Dodging        | 4 5 6 7 8 9 |  9.9
Invocations    | 5 8 10 12 15 17 18 | 18.4

Action                     |  1- 3 |  4- 6 |  7- 9 | 10-12 || total
---------------------------+-------+-------+-------+-------++-------
  Melee: Hand axe          |    16 |    34 |    62 |    23 ||   135
 Invoke: Disaster Area     |       |       |     5 |     1 ||     6
         Upheaval          |       |       |     1 |       ||     1
    Use: Potion            |       |     2 |     3 |       ||     5
 Armour: Robe              |     8 |     3 |       |       ||    11
         Plate armour      |       |    23 |    49 |    16 ||    88
  Dodge: Dodged            |    10 |    14 |    19 |    18 ||    61
  Block: Orb               |     4 |     6 |    21 |    14 ||    45

Table legend: (Time is in decaauts)
 A = Elapsed time spent in this place.
 B = Non-inter-level travel time spent in this place.
 C = Inter-level travel time spent in this place.
 D = Time resting spent in this place.
 E = Time spent auto-exploring this place.
 F = Levels seen in this place.
 G = Mean time per level.
                   A        B        C        D        E       F      G
               +--------+--------+--------+--------+--------+-----+--------+
         Total |   1697 |   1628 |     69 |   1242 |      0 |   1 | 1697.0 |
       Dungeon |   1697 |   1628 |     69 |   1242 |      0 |   1 | 1697.0 |
               +--------+--------+--------+--------+--------+-----+--------+

Top non-repeatable levels by time:
       D: 1697 daAuts
